 Dungeon Crawl Stone Soup version 0.23.2-40-g277498a001 (webtiles) character file.

Game seed: 4071278670093877150

107 Felnil the Skirmisher (level 4, -1/39 HPs)
             Began as a Mummy Fighter on Aug 13, 2019.
             Killed from afar by an orc wizard (7 damage)
             ... with a magic dart
             ... on level 2 of the Dungeon.
             The game lasted 00:03:12 (1346 turns).

Felnil the Skirmisher (Mummy Fighter)               Turns: 1346, Time: 00:03:12

Health: -1/39      AC:  6    Str: 20    XL:     4   Next: 56%
Magic:  4/4        EV:  7    Int:  7    God:
Gold:   66         SH:  8    Dex: 11    Spells: 3/3 levels left

rFire    x . .     SeeInvis .   a - +0 rapier
rCold    + . .     Gourm    .   c - +0 shield
rNeg     + + +     Faith    .   b - +0 scale mail
rPois    ∞         Spirit   .   (no helmet)
rElec    .         Reflect  .   (no cloak)
rCorr    .         Harm     .   (no gloves)
MR       .....                  (no boots)
Stlth    ..........             (no amulet)
HPRegen  0.13/turn              (no ring)
MPRegen  0.09/turn              (no ring)

@: no status effects
A: no food or potions, fire vulnerability, cold resistance 1, negative energy
resistance 3, torment resistance, unbreathing
a: no special abilities


You were on level 2 of the Dungeon.
You were not hungry.

You visited 1 branch of the dungeon, and saw 2 of its levels.

You collected 66 gold pieces.

Inventory:

Hand Weapons
 a - a +0 rapier (weapon)
 g - a +0 war axe of chopping
Armour
 b - a +0 scale mail (worn)
 c - a +0 shield (worn)
Scrolls
 d - a scroll of enchant armour
 f - 3 scrolls of identify


   Skills:
 + Level 5.4 Fighting
 - Level 1.5 Short Blades
 - Level 2.4 Armour
 - Level 2.4 Shields


You had 3 spell levels left.
You didn't know any spells.
Your spell library was empty.

Dungeon Overview and Level Annotations

Branches:
Dungeon (2/15)

Altars:


Innate Abilities, Weirdness & Mutations

You do not eat or drink.
Your flesh is vulnerable to fire.
You are immune to poison.
Your flesh is cold resistant. (rC+)
You are immune to negative energy. (rN+++)
You are immune to unholy pain and torment.
You can survive without breathing.


Message History

a +0 dagger; a +0 robe; an orc corpse You miss something.
Something hits you.
* * * LOW HITPOINT WARNING * * *
Something hits you but does no damage.
As you read the scroll labeled VECOTE ZIBUOF, it crumbles to dust.
It is a scroll of identify.
d - a scroll of enchant armour Something hits you but does no damage.
As you read the scroll labeled ONGUDO LENE, it crumbles to dust.
You feel blessed for a moment.
It was a scroll of remove curse.
Something hits you.
* * * LOW HITPOINT WARNING * * *
A magic dart appears from out of thin air!
The magic dart hits something!
Reactivating autopickup.
Okay, then.
An orc wizard appears from thin air!
The orc wizard points at you and mumbles some strange words.
The magic dart hits you!
You die...

..(........#≈≈####≈≈#≈#...#
###..####..#≈##≈###≈≈≈#####
# #..#≈##≈# #≈≈≈# ##
#..#≈##≈# #≈≈## #.
#†.#≈##≈# #≈## #.
##.#≈#≈≈###≈# #.
#.#≈#≈#≈≈≈≈# #.
#)#≈#≈#≈≈≈≈# #.
#@##≈≈#≈#≈## #.
#.######o#≈≈≈###≈# ####
#......oo#≈### ### #≈≈≈
#........#≈# ####
#........### # #........#
........## #.####### #


You could see an orc wizard and 2 orcs.

Vanquished Creatures
  An orc wizard (D:2)
  4 adders (D:2)
  A worm (D:2)
  A dart slug (D:1)
  2 leopard geckos
  4 bats
  4 goblins
  4 hobgoblins (D:1)
  4 jackals (D:1)
  4 kobolds
  2 ball pythons
  4 frilled lizards
  3 rats
38 creatures vanquished.

Vanquished Creatures (others)
  An orc wizard (D:2)
1 creature vanquished.

Grand Total: 39 creatures vanquished

Notes
Turn   | Place    | Note
-------+----------+-------------------------------------------
     0 | D:1      | Felnil the Mummy Fighter began the quest for the Orb.
     0 | D:1      | Reached XP level 1. HP: 18/18 MP: 1/1
   139 | D:1      | Reached XP level 2. HP: 20/24 MP: 2/2
   389 | D:1      | Reached skill level 4 in Fighting
   642 | D:1      | Reached XP level 3. HP: 28/30 MP: 3/3
  1305 | D:2      | Reached XP level 4. HP: 37/38 MP: 4/4
  1328 | D:2      | Reached skill level 5 in Fighting
  1346 | D:2      | Killed from afar by an orc wizard

Skill      XL: |  1  2  3  4 |
---------------+-------------+-----
Fighting       | 4 5 |  5.4
Short Blades   | |  1.5
Armour         | |  2.4
Shields        | |  2.4

Action                   |  1- 3 |  4- 6 || total
-------------------------+-------+-------++-------
Melee: Rapier            |   141 |    26 ||   167
  Use: Scroll            |       |     2 ||     2
Armor: Scale mail        |    74 |     8 ||    82
Dodge: Dodged            |    53 |     8 ||    61
Block: Shield            |    57 |    16 ||    73
